 Dungeon Crawl Stone Soup version 0.29.1-12-g30fa7ad0bf (webtiles) character file.

Game seed: 6002381202498469162

79 croobank the Conjurer (level 4, -5/30 HPs)
             Began as a Demonspawn Conjurer on Dec 21, 2022.
             Slain by Pargi (8 damage)
             ... on level 3 of the Dungeon on Dec 22, 2022.
             The game lasted 00:06:55 (2478 turns).

croobank the Conjurer (Demonspawn Conjurer)         Turns: 2478, Time: 00:06:56

Health: -5/30      AC:  2    Str:  7    XL:     4   Next: 16%
Magic:  0/7        EV: 12    Int: 21    God:
Gold:   206        SH:  0    Dex: 12    Spells: 5/8 levels left

rFire   . . .      SeeInvis .   l - +0 dagger (speed)
rCold   . . .      Faith    .   (no shield)
rNeg    . . .      Spirit   .   a - +0 robe
rPois   .          Reflect  .   (helmet restricted)
rElec   .          Harm     .   c - scarf {repulsion}
rCorr   .          Rampage  .   (no gloves)
Will    .....                   (no boots)
Stlth   ++........              (no amulet)
HPRegen 0.10/turn               (no ring)
MPRegen 0.20/turn               (no ring)

@: repel missiles
A: horns 1, magic regeneration
a: no special abilities


You were on level 3 of the Dungeon.
You visited 1 branch of the dungeon, and saw 3 of its levels.

You collected 206 gold pieces.

Inventory:

Hand Weapons
 e - a +0 dagger
 l - a +0 dagger of speed (weapon)
Missiles
 f - 7 poisoned darts
Armour
 a - a +0 robe (worn)
 c - a scarf of repulsion (worn)
Scrolls
 h - a scroll of magic mapping
 i - 2 scrolls of poison {unknown}
 j - a scroll of vulnerability {unknown}
 k - a scroll of identify {unknown}
 m - a scroll of noise {unknown}
 n - a scroll of fog {unknown}
 o - a scroll of blinking {unknown}
 p - 2 scrolls of enchant armour {unknown}
Potions
 b - a potion of magic
 d - a potion of attraction {unknown}
 g - 2 potions of brilliance {unknown}


   Skills:
 * Level 0.2 Fighting
 + Level 2.5 Dodging
 + Level 2.5 Stealth
 + Level 2.6 Spellcasting
 + Level 4.5 Conjurations


You had 5 spell levels left.
You knew the following spells:

 Your Spells              Type           Power      Damage    Failure   Level
a - Magic Dart            Conj           84%        1d7       2%          1
b - Searing Ray           Conj           42%        2d6       3%          2

Your spell library contained the following spells:

 Spells                   Type           Power      Damage    Failure   Level
 Dazzling Flash           Conj/Hex       24%        N/A       16%         3
 Fulminant Prism          Conj/Hex       6%         3d7       47%         4
 Iskenderun's Mystic Bla  Conj/Tloc      12%        2d5       47%         4


Dungeon Overview and Level Annotations

Branches:
Dungeon (3/15)

Altars:

Annotations:
D:3 Pargi


Innate Abilities, Weirdness & Mutations

You have a pair of small horns on your head.
You regenerate magic rapidly.


Message History

You see here a +0 leather armour.
Pargi the Meek comes into view.
Found a scroll of magic mapping.
Pargi shouts!
Pargi moves out of view.
Casting: Searing Ray (safe; 3% risk of failure)
Confirm with . or Enter, or press ? or * to list all spells.
Okay, then.
Okay, then.
Casting: Searing Ray (safe; 3% risk of failure)
Confirm with . or Enter, or press ? or * to list all spells.
Aiming: Searing Ray (safe; 3% risk of failure)
Press: ? - help, Shift-Dir - straight line, f - Pargi
Aim: Pargi (72% to hit)
The searing ray misses Pargi. (Press . to maintain the ray.)
The searing ray hits Pargi!
Pargi is moderately wounded.
The searing ray misses Pargi.
Pargi bites you! Pargi barely misses you. Pargi closely misses you.
The searing ray hits Pargi.
Pargi is moderately wounded.
You finish channelling your searing ray.
Pargi bites you. Pargi barely misses you. Pargi claws you.
Casting: Searing Ray (safe; 3% risk of failure)
Confirm with . or Enter, or press ? or * to list all spells.
Aiming: Searing Ray (safe; 3% risk of failure)
Press: ? - help, Shift-Dir - straight line, f/p - Pargi
Aim: Pargi (moderately wounded, 72% to hit)
The searing ray misses Pargi. (Press . to maintain the ray.) Pargi bites you.
Pargi misses you. Pargi closely misses you.
The searing ray misses Pargi.
Pargi bites you!
* * * LOW HITPOINT WARNING * * *
Pargi claws you.
* * * LOW HITPOINT WARNING * * *
Pargi barely misses you.
Without enough magic to sustain it, your searing ray dissipates.
Pargi bites you!
You die...

#.######.#
#.#,,,*#.#
#.#,*,*#.#
#.#,*,*#.#
#.#,*,*#.#
#.#,*,*#.#
#.#,#,*#.#
#.#.#.##.#
#@T.?..#.#
###.####.#
*.# #.# *,#
#.# ######
*,* #.#
#...[. *,*
#.# #.####
*,* #.#
#..... *,*
#.# #####.
*,*
#.########.


You could see Pargi.

Vanquished Creatures
  2 adders (D:2)
  A dart slug (D:1)
  An endoplasm (D:1)
  3 giant cockroaches
  7 goblins
  5 hobgoblins
  2 jackals (D:1)
  8 kobolds
  4 quokkas
  5 ball pythons
  6 bats
  A frilled lizard (D:2)
  8 rats
53 creatures vanquished.

Notes
Turn   | Place    | Note
-------+----------+-------------------------------------------
     0 | D:1      | croobank the Demonspawn Conjurer began the quest for the
                  | Orb.
     0 | D:1      | Reached XP level 1. HP: 13/13 MP: 3/3
   172 | D:1      | Found a faded altar of an unknown god.
   286 | D:1      | Gained mutation: You regenerate magic rapidly. [demonic
                  | ancestry]
   286 | D:1      | Reached XP level 2. HP: 19/19 MP: 1/5
   289 | D:1      | Learned a level 2 spell: Searing Ray
  1183 | D:2      | Gained mutation: You have a pair of small horns on your
                  | head. [demonic ancestry]
  1183 | D:2      | Reached XP level 3. HP: 24/24 MP: 4/6
  1778 | D:2      | Reached XP level 4. HP: 30/30 MP: 5/7
  2375 | D:3      | Identified a scroll of acquirement
  2375 | D:3      | Acquired a scarf of repulsion
  2470 | D:3      | Noticed Pargi
  2478 | D:3      | Slain by Pargi

Illustrated notes

Levels and vault maps discovered:
D:1:      dpeg_arrival_pits, layout_basic,
          shapermc_ecumenical_altar_mp_ritualfount, minmay_pentomino_z2
D:2:      layout_rooms
D:3:      layout_basic, chei_slow_surprise, general_overflow_altar, uniq_pargi

Skill      XL: |  1 |
---------------+----+-----
Stealth        | 2 |  2.5
Dodging        | 2 |  2.5
Fighting       | |  0.2
Spellcasting   | |  2.6
Conjurations   | |  4.5

Action                   |  1- 3 |  4- 6 || total
-------------------------+-------+-------++-------
Melee: Dagger            |    34 |       ||    34
       Headbutt          |     5 |       ||     5
 Cast: Magic Dart        |    45 |    11 ||    56
       Searing Ray       |    10 |     6 ||    16
  Use: Scroll            |       |     3 ||     3
Armor: Robe              |     9 |       ||     9
Dodge: Dodged            |    28 |     6 ||    34
